 Dungeon Crawl Stone Soup version 0.18.1-50-g88ac8fd (webtiles) character file.

438 Kokiki the Grave Robber (level 6, -6/42 HPs)
             Began as a Mummy Necromancer on Sept 16, 2016.
             Mangled by Menkaure (12 damage)
             ... on level 3 of the Dungeon.
             The game lasted 00:33:34 (5730 turns).

Kokiki the Grave Robber (Mummy Necromancer)         Turns: 5730, Time: 00:33:34

Health: -6/42      AC:  3    Str: 12    XL:     6   Next: 69%
Magic:  12/12      EV: 12    Int: 16    God:
Gold:   250        SH:  0    Dex: 12    Spells: 4 memorised, 4 levels left

rFire  x . .     SeeInvis .     j - +2 long sword (slice)
rCold  + . .     Gourm    .     a - +0 robe
rNeg   + + +     Faith    .     (no shield)
rPois  ∞         Spirit   .     (no helmet)
rElec  .         Dismiss  .     (no cloak)
rCorr  .         Reflect  .     g - +0 pair of gloves
SustAt .         Harm     .     (no boots)
MR     .....                    (no amulet)
Stlth  ++........               (no ring)
                                (no ring)

@: not resistant to hostile enchantments, unstealthy
A: no food or potions, fire vulnerability, cold resistance 1, negative energy
resistance 3, torment resistance, unbreathing
a: no special abilities


You were on level 3 of the Dungeon.
You were not hungry.

You visited 1 branch of the dungeon, and saw 4 of its levels.

You collected 250 gold pieces.

Inventory:

Hand Weapons
 j - a +2 long sword of slicing (weapon)
Armour
 a - a +0 robe (worn)
 e - a +0 ring mail of fire resistance
 g - a +0 pair of gloves (worn)
Scrolls
 c - 3 scrolls of remove curse
 h - a scroll of fear
 i - a scroll of enchant weapon
Books
 b - a book of Necromancy

   Spells                             Type                      Level
   a - Pain                           Necromancy                   1
   b - Animate Skeleton               Necromancy                   1
   c - Vampiric Draining              Necromancy                   3
   d - Regeneration                   Charms/Necromancy            3
   e - Animate Dead                   Necromancy                   4
   f - Control Undead                 Necromancy                   4
 f - a book of Power

   Spells                             Type                      Level
   a - Fulminant Prism                Conjuration/Hexes            4
   b - Iskenderun's Mystic Blast      Conjuration                  4
   c - Venom Bolt                     Conjuration/Poison           5
   d - Bolt of Magma                  Conjuration/Fire/Earth       5
   e - Iron Shot                      Conjuration/Earth            6
   f - Orb of Destruction             Conjuration                  7
   g - Spellforged Servitor           Conjuration/Summoning        7


   Skills:
 + Level 0.6 Fighting
 + Level 2.2 Dodging
 - Level 1.9 Stealth
 * Level 4.0 Spellcasting
 + Level 6.6 Necromancy


You had 4 spell levels left.
You knew the following spells:

 Your Spells              Type           Power        Failure   Level  Hunger
a - Pain                  Necr           ###.         1%          1    N/A
b - Animate Skeleton      Necr           N/A          1%          1    N/A
c - Vampiric Draining     Necr           ###.......   3%          3    N/A
d - Animate Dead          Necr           N/A          12%         4    N/A

Dungeon Overview and Level Annotations

Branches:
Dungeon (4/15)
 Temple: D:4-7

Altars:
Ashenzari
Cheibriados
Dithmenos
Sif Muna
Xom

Annotations:
D:3 Menkaure


Innate Abilities, Weirdness & Mutations

You do not eat or drink.
Your flesh is vulnerable to fire.
You are immune to poison.
Your flesh is cold resistant.
You are immune to negative energy.
You are immune to unholy pain and torment.
You can survive without breathing.


Message History

* * * LOW HITPOINT WARNING * * *
Casting: Vampiric Draining
Confirm with . or Enter, or press ? or * to list all spells.
Okay, then.
Casting: Vampiric Draining
Confirm with . or Enter, or press ? or * to list all spells.
Okay, then.
You see here 12 poisoned needles.
Menkaure barely misses you.
Menkaure points at you and mumbles some strange words.
You are unaffected.
Menkaure gestures at you while chanting.
You are unaffected.
Menkaure gestures at you while chanting.
You are unaffected.
Menkaure murmurs, "Let me perform the rites..."
Read which item? (? for menu, Esc to quit)
Okay, then.
Menkaure hits you!
You die...

....# #.# ....########## #.#
).)..........# #.#
#.#.########.## #.#
.....#######..###.#######
#...............#.##....#
#############.#.#.##.##.#
......# #....#.#M....#.#
#####.####......@.....#.#
.............>.....##.#.#
#.....####.)#....#.##.#.#
#.....# #.÷#.....)...#.#
#.....####..#[..........#
#####.#...<..!#...###########
...##.#.###.#.#.............#
...##.#.#.....##..#########.#
...##.#.#.#.#........# #.#


You could see Menkaure.

Vanquished Creatures
  An ogre (D:4)
  3 orc priests (D:4)
  2 orc wizards
  A worker ant (D:3)
  4 adders
  4 gnolls
  3 worms
  2 dart slugs
  4 giant geckos
  14 orcs
  5 giant cockroaches
  9 goblins
  9 hobgoblins
  2 quokkas (D:3)
  A ball python skeleton (D:4)
  7 bats
  A giant gecko zombie (D:3)
  6 giant newts
  5 kobolds
  6 rats
89 creatures vanquished.

Vanquished Creatures (collateral kills)
  A worm (D:3)
  A goblin (D:2)
  A hobgoblin (D:2)
  A rat (D:2)
4 creatures vanquished.

Grand Total: 93 creatures vanquished

Notes
Turn   | Place    | Note
--------------------------------------------------------------
     0 | D:1      | Kokiki the Mummy Necromancer began the quest for the Orb.
     0 | D:1      | Reached XP level 1. HP: 13/13 MP: 3/3
    15 | D:1      | Learned a level 1 spell: Animate Skeleton
   260 | D:1      | Reached XP level 2. HP: 19/19 MP: 1/5
   442 | D:1      | Found a shattered altar of Ashenzari.
  1222 | D:2      | Reached XP level 3. HP: 24/24 MP: 3/6
  1231 | D:2      | Learned a level 3 spell: Vampiric Draining
  2365 | D:2      | Reached XP level 4. HP: 19/30 MP: 1/7
  2565 | D:2      | Reached skill level 5 in Necromancy
  3625 | D:3      | HP: 1/31 [gnoll/spear (6)]
  4091 | D:3      | Reached XP level 5. HP: 36/36 MP: 5/9
  4184 | D:3      | Learned a level 4 spell: Animate Dead
  4196 | D:3      | Found a snail-covered altar of Cheibriados.
  4741 | D:3      | Found a shadowy altar of Dithmenos.
  4742 | D:3      | Found a shimmering altar of Xom.
  4847 | D:4      | Noticed an ogre
  4888 | D:4      | Killed an ogre
  4888 | D:4      | Reached skill level 6 in Necromancy
  4919 | D:4      | Reached XP level 6. HP: 24/42 MP: 0/11
  5570 | D:4      | Found a deep blue altar of Sif Muna.
  5574 | D:4      | Noticed Menkaure
  5730 | D:3      | Mangled by Menkaure

Skill      XL: |  1  2  3  4  5  6 |
---------------+-------------------+-----
Dodging        | 2 |  2.2
Necromancy     | 5 6 |  6.6
Spellcasting   | 3 4 |  4.0
Fighting       | |  0.6
Stealth        | |  1.9

Action                   |  1- 3 |  4- 6 || total
-------------------------+-------+-------++-------
Melee: Unarmed           |    27 |       ||    27
       Dagger            |    21 |    42 ||    63
       Long sword        |       |     6 ||     6
 Cast: Pain              |    85 |    98 ||   183
       Animate Skeleton  |     9 |     7 ||    16
       Vampiric Draining |     4 |    12 ||    16
       Animate Dead      |       |     8 ||     8
  Use: Scroll            |     4 |     4 ||     8
Armor: Robe              |    15 |    13 ||    28
Dodge: Dodged            |    44 |    66 ||   110
